cohdb
Replays
Latest Replays
All Replays
Popular Replays
Top Player Replays
Match Explorer
How It Works
Community
CoH3 Stats
Reddit
Sign in to upload your games and track your stats! →
Sign in with Steam
Match 35470152
Unlisted
Match 35470152
Overview
Messages
Build Orders
End
Construct Section Command Post
Vickers Machine Gun Team
Selects Air and Sea Battlegroup
ML 3-inch Mortar Team
Infantry Section
Infantry Section
Construct Platoon Command Post
Selects Supply Surplus
Construct Resource Cache
Construct Resource Cache
Royal Engineer Section
Grenade Package
Selects Commando Section Paradrop
Construct Field Infirmary
Commando Section Paradrop
Construct Company Command Post
Infantry Training
Crusader II Medium Tank
Selects Commando Support Section Paradrop
Infantry Section
Crusader II Medium Tank
Foot Guards Section
Selects Incendiary Bombing Run
Selects Centaur Medium Tank
Centaur Medium Tank
Royal Engineer Section
Crusader II Medium Tank
Crusader II Medium Tank
Royal Engineer Section
Selects Naval Bombardment
Naval Bombardment
Naval Bombardment
Crusader II Medium Tank
Selects Incendiary Bombing Run
Selects Anti-tank Rocket Loiter
Anti-tank Rocket Loiter
Royal Engineer Section
著名指挥官白吉尔
Klaudio75
罗密欧与猪吏烨
流向你的河
1003604386
CTG|SS
lengfeng988
matrix4x4
0
0
Comments
sign in to comment!
No comments posted yet!